 Dungeon Crawl Stone Soup version 0.31-a0-154-g56bf346678 (webtiles) character file.

Game seed: 10655674549094571186

6921 garrulousMonolith the Geomancer (level 11, 0/66 HPs)
             Began as a Gargoyle Earth Elementalist on June 11, 2023.
             Was an Elder of Jiyva.
             Slain by an ogre
             ... wielding a +0 giant club
             ... led by Lodul
              (2 damage)
             ... on level 10 of the Dungeon.
             The game lasted 00:19:35 (10480 turns).

garrulousMonolith the Geomancer (GrEE)             Turns: 10480, Time: 00:19:36

Health: 0/66       AC: 17    Str: 11    XL:     11   Next: 7%
Magic:  17/25      EV: 11    Int: 19    God:    Jiyva [****..]
Gold:   495        SH:  0    Dex: 10    Spells: 15/21 levels left

rFire   + . .        s - +0 whip (elec)
rCold   . . .        (no shield)
rNeg    + + +        D - +0 ring mail
rPois   ∞            (helmet restricted)
rElec   +            L - +0 cloak "Xuruq" {rF+ rN++ Str-2}
rCorr   +            i - +0 pair of gloves
SInv    .            (no boots)
Will    .....        (no amulet)
Stlth   +            e - ring of resist corrosion
HPRegen 1.59/turn    (no ring)
MPRegen 0.59/turn

%: no passive effects
@: no status effects
A: sickness immunity, AC +8, negative energy resistance 1, electricity
resistance, torment resistance 1, petrification resistance, beak, high MP 3
a: Renounce Religion, Oozemancy, Slimify


You were on level 10 of the Dungeon.
You worshipped Jiyva.
Jiyva was greatly pleased with you.
You visited 2 branches of the dungeon, and saw 11 of its levels.
You also visited: Sewer and Bailey.

You collected 495 gold pieces.

Inventory:

Hand Weapons
 d - a +1 dagger of venom
 s - a +0 whip of electrocution (weapon)
 H - a +2 dagger of electrocution
 I - a +1 trident of venom
Missiles
 J - 2 throwing nets
 K - 8 poisoned darts
Armour
 h - a +0 helmet
 i - a +0 pair of gloves (worn)
 m - a +2 animal skin
 r - a +1 cloak
 D - a +0 ring mail (worn)
 E - a +0 kite shield
 L - the +0 cloak "Xuruq" (worn) {rF+ rN++ Str-2}
   (You found it on level 9 of the Dungeon)

   Str:       It affects your strength (-2).
   rF:        It protects you from fire.
   rN:        It greatly protects you from negative energy.
Jewellery
 e - a ring of resist corrosion (left hand)
 q - an amulet of guardian spirit
Wands
 b - a wand of flame (13)
 f - a wand of roots (10)
 j - a wand of charming (2)
 t - a wand of polymorph (6)
 G - a wand of digging (6)
Scrolls
 c - 3 scrolls of enchant weapon
 o - a scroll of poison
 u - a scroll of enchant armour
 x - a scroll of summoning
 y - 3 scrolls of teleportation
 C - a scroll of amnesia
 F - a scroll of vulnerability {unknown}
Potions
 a - 5 potions of curing
 g - 5 potions of mutation
 k - a potion of ambrosia {unknown}
 l - 11 potions of degeneration
 n - a potion of enlightenment {unknown}
 p - a potion of lignification {unknown}
 v - a potion of resistance {unknown}
 w - 3 potions of cancellation {unknown}
 z - 3 potions of brilliance {unknown}
 A - a potion of invisibility
 B - 2 potions of magic


   Skills:
 + Level 6.5 Fighting
 + Level 6.4 Armour
 + Level 5.0 Dodging
 - Level 2.1 Stealth
 + Level 5.5 Spellcasting
 * Level 8.8 Conjurations
 - Level 1.0 Transmutations
 * Level 10.7 Earth Magic


You had 15 spell levels left.
You knew the following spells:

 Your Spells              Type           Power      Damage    Failure   Level
a - Sandblast             Erth           92%        2d19      1%          1
b - Stone Arrow           Conj/Erth      84%        3d12      1%          3
c - Passwall              Tmut/Erth      22%        N/A       3%          2

Your spell library contained the following spells:

 Spells                   Type           Power      Damage    Failure   Level
 Petrify                  Tmut/Erth      27%        N/A       22%         4
 Slow                     Hex            20%        N/A       26%         1
 Ensorcelled Hibernation  Hex/Ice        10%        N/A       36%         2
 Confusing Touch          Hex            5%         N/A       58%         3
 Swiftness                Air            5%         N/A       58%         3
 Vampiric Draining        Necr           5%         2d6       58%         3
 Irradiate                Conj/Tmut      11%        3d15      67%         5
 Sublimation of Blood     Necr           Unusable   N/A       N/A         2

Dungeon Overview and Level Annotations

Branches:
Dungeon (10/15)            Temple (1/1) D:5             Orc (0/2) D:9
  Sewer (visited)          Bailey (visited)
   Lair: D:8-11

Altars:
Ashenzari
Cheibriados
Dithmenos
Elyvilon
Fedhas
Gozag
Hepliaklqana
Kikubaaqudgha
Makhleb
Nemelex Xobeh
Okawaru
Qazlal
Ru
Sif Muna
Trog
Uskayaw
Vehumet
Wu Jian
Xom
Yredelemnul
Zin
The Shining One
Lugonu

Annotations:
D:8 2 transporters, exclusion: statue
D:10 Lodul


Innate Abilities, Weirdness & Mutations

You are immune to sickness and miasma.
Your stone body is resilient. (AC +8)
You are immune to poison.
You resist negative energy. (rN+)
You are resistant to electric shocks. (rElec)
You are resistant to unholy torment.
You are immune to petrification.
You have a beak for a mouth.
You have a greatly increased reservoir of magic. (+30% MP)


Message History

The warg escapes!
The orc struggles to escape constriction.
The warg completely misses you. The warg bites you but does no damage.
The grasping roots constrict something.
Reactivating autopickup.
You feel a bit more experienced.
The grasping roots constrict the orc!
You kill the orc!
The grasping roots constrict something.
The warg bites you.
Electricity crackles from Lodul's apparatus.
The bolt of lightning hits you. You resist.
Casting: Sandblast (safe; 1% risk of failure)
Confirm with . or Enter, or press ? or * to list all spells.
Aiming: Sandblast (safe; 1% risk of failure)
Press: ? - help, Shift-Dir - straight line, f/p - warg
Aim: a warg (lightly wounded, 81% to hit)
The blast of sand hits the warg!
The warg is heavily wounded.
The warg bites you but does no damage. The warg bites you!
The warg barely misses you. The warg misses you.
Casting: Sandblast (safe; 1% risk of failure)
Confirm with . or Enter, or press ? or * to list all spells.
Aiming: Sandblast (safe; 1% risk of failure)
Press: ? - help, Shift-Dir - straight line, f/p - warg
Aim: a warg (heavily wounded, 81% to hit)
The blast of sand hits the warg!!
You kill the warg!
The warg misses you.
Lodul shouts, "Intruder!"
Electricity crackles from Lodul's apparatus.
The bolt of lightning hits you. You resist. The warg bites you!
* * * LOW HITPOINT WARNING * * *
Casting: Sandblast (safe; 1% risk of failure)
Confirm with . or Enter, or press ? or * to list all spells.
Aiming: Sandblast (safe; 1% risk of failure)
Press: ? - help, Shift-Dir - straight line, f - warg
Aim: a warg (81% to hit)
The blast of sand misses the warg.
The warg bites you!
* * * LOW HITPOINT WARNING * * *
The ogre hits you with a +0 giant club.
You die...

# ##.. #...? #.....
###################.O....
.................hOOO....
................@O#
.................##
.......<.........#
.................#
.............>...#
.................#
.................#
####...............
#.......#####.###


You could see Lodul, a warg and 4 ogres.

Vanquished Creatures
  2 two-headed ogres (D:9)
  2 hornets
  A shadow (D:9)
  A wyvern (D:8)
  3 yaks (D:8)
  2 wargs (D:10)
  2 water moccasins
  An ice beast (D:6)
  8 orc warriors
  A swamp drake (D:9)
  2 black bears (D:8)
  A sky beast (D:7)
  5 ogres
  A phantom (D:7)
  A kobold brigand (D:9)
  3 bullfrogs
  2 gnoll sergeants (D:9)
  A scorpion (D:5)
  5 howler monkeys (D:8)
  3 jellies (Sewer)
  8 orc priests
  2 gnoll boudas
  A hound (D:7)
  Crazy Yiuf (D:2)
  2 sleepcaps
  Terence (D:2)
  3 iguanas
  5 orc wizards
  Robin (D:2)
  30 gnolls
  9 adders
  A river rat (Sewer)
  2 shadow imps (D:5)
  8 white imps
  2 ufetubi (D:5)
  3 worms
  2 dart slugs
  63 orcs
  7 ball pythons
  15 endoplasms
  4 giant cockroaches
  14 goblins
  11 hobgoblins
  A jackal (D:2)
  10 quokkas
  6 bats
  6 frilled lizards
  14 kobolds
  6 rats
285 creatures vanquished.

Vanquished Creatures (collateral kills)
  An orc knight (Bailey)
  2 orcs (Bailey)
3 creatures vanquished.

Vanquished Creatures (others)
  A bullfrog (D:6)
  8 jellies
  A hound (D:5)
  An orc priest (D:7)
  An orc wizard (D:6)
  3 adders
  2 white imps (D:5)
  A worm (D:5)
  11 orcs
  A kobold (D:9)
30 creatures vanquished.

Grand Total: 318 creatures vanquished

Notes
Turn   | Place    | Note
-------+----------+-------------------------------------------
     0 | D:1      | garrulousMonolith the Gargoyle Earth Elementalist began the
                  | quest for the Orb.
     0 | D:1      | Reached XP level 1. HP: 10/10 MP: 3/3
   120 | D:1      | Reached skill level 1 in Transmutations
   239 | D:1      | Found a faded altar of an unknown god.
   245 | D:1      | Reached XP level 2. HP: 15/15 MP: 3/5
   341 | D:1      | Learned a level 2 spell: Passwall
   660 | D:1      | Reached skill level 4 in Earth Magic
   934 | D:1      | Reached XP level 3. HP: 20/20 MP: 3/6
   938 | D:1      | Learned a level 3 spell: Stone Arrow
  1071 | D:1      | Reached skill level 1 in Fighting
  1211 | D:1      | Reached skill level 1 in Armour
  1511 | D:2      | Noticed Robin
  1548 | D:2      | Killed Robin
  1549 | D:2      | Reached XP level 4. HP: 18/25 MP: 0/7
  1596 | D:2      | Reached skill level 1 in Conjurations
  1844 | D:2      | You fall into a shaft and drop 1 floor!
  1902 | D:2      | Found a runed translucent door.
  1903 | D:2      | Noticed Crazy Yiuf
  2136 | D:2      | Found a stormy altar of Qazlal.
  2141 | D:2      | Noticed Terence
  2156 | D:2      | Killed Terence
  2414 | D:2      | Reached XP level 5. HP: 30/30 MP: 4/8
  2820 | D:2      | Killed Crazy Yiuf
  3020 | D:3      | Reached skill level 5 in Earth Magic
  3707 | D:4      | Noticed an ogre
  3838 | D:4      | Found a burning altar of Makhleb.
  3850 | D:4      | Reached XP level 6. HP: 28/35 MP: 2/9
  3983 | D:4      | Found a glowing drain.
  3998 | Sewer    | Entered a sewer
  4400 | Sewer    | Reached XP level 7. HP: 40/40 MP: 7/11
  4449 | Sewer    | Found a viscous altar of Jiyva.
  4464 | Sewer    | Became a worshipper of Jiyva Joelom the Shapeless
  5238 | D:5      | Entered Level 5 of the Dungeon
  5450 | D:5      | Reached skill level 6 in Earth Magic
  5494 | D:5      | Found a staircase to the Ecumenical Temple.
  5509 | Temple   | Entered the Ecumenical Temple
  6202 | D:5      | Reached XP level 8. HP: 46/46 MP: 7/12
  6338 | D:5      | Reached * piety under Jiyva
  7039 | D:6      | Found an ornate altar of the Wu Jian Council.
  7279 | D:6      | Reached ** piety under Jiyva
  7436 | D:7      | Reached skill level 7 in Earth Magic
  7469 | D:7      | Found a flagged portal.
  7478 | Bailey   | Entered a bailey
  7595 | Bailey   | Reached skill level 5 in Conjurations
  7632 | Bailey   | Noticed an orc knight
  7662 | Bailey   | Killed an orc knight
  7663 | Bailey   | Reached XP level 9. HP: 52/52 MP: 12/14
  8037 | D:7      | Reached skill level 8 in Earth Magic
  8087 | D:7      | Reached *** piety under Jiyva
  8204 | D:7      | Gained mutation: You have a beak for a mouth. [Jiyva's
                  | grace]
  8204 | D:7      | Gained mutation: You have an increased reservoir of magic.
                  | (+10% MP) [Jiyva's grace]
  8204 | D:7      | Gained mutation: You have a considerably increased
                  | reservoir of magic. (+20% MP) [Jiyva's grace]
  8204 | D:7      | Gained mutation: You have a greatly increased reservoir of
                  | magic. (+30% MP) [Jiyva's grace]
  8232 | D:7      | Found a broken altar of Ashenzari.
  8233 | D:7      | Found an iron altar of Okawaru.
  8687 | D:8      | Noticed a hornet
  8689 | D:8      | Reached skill level 5 in Fighting
  8696 | D:8      | Killed a hornet
  8698 | D:8      | Reached skill level 5 in Armour
  8801 | D:8      | Reached **** piety under Jiyva
  8820 | D:8      | Found a transporter.
  8821 | D:8      | Noticed a white ugly thing
  8822 | D:8      | Found a corrupted altar of Lugonu.
  8823 | D:8      | Noticed a cyan ugly thing
  8824 | D:8      | Noticed a green ugly thing
  8864 | D:8      | Found a transporter.
  8874 | D:8      | Reached skill level 9 in Earth Magic
  8973 | D:8      | Found a glowing golden altar of the Shining One.
  9000 | D:8      | Reached XP level 10. HP: 55/59 MP: 20/22
  9052 | D:8      | Found a radiant altar of Vehumet.
  9280 | D:8      | Noticed a purple ugly thing
  9449 | D:9      | Identified the +0 cloak "Xuruq" {rF+ rN++ Str-2}
  9597 | D:9      | Found a basalt altar of Yredelemnul.
  9874 | D:9      | Noticed a two-headed ogre
  9881 | D:9      | Reached skill level 5 in Spellcasting
  9882 | D:9      | Killed a two-headed ogre
  9883 | D:9      | Reached skill level 10 in Earth Magic
 10035 | D:9      | Noticed a two-headed ogre
 10042 | D:9      | Killed a two-headed ogre
 10254 | D:9      | Found a staircase to the Orcish Mines.
 10446 | D:10     | Entered Level 10 of the Dungeon
 10457 | D:10     | Noticed Lodul
 10468 | D:10     | Reached XP level 11. HP: 54/66 MP: 17/24
 10471 | D:10     | Reached skill level 5 in Dodging
 10480 | D:10     | HP: 2/66 [warg (9)]
 10480 | D:10     | Slain by an ogre

Illustrated notes

Levels and vault maps discovered:
D:1:      eino_arrival_water_star, layout_basic,
          hellmonk_ecumenical_altar_run_dry, serial_aquarium,
          aquarium_bridge_island_small [aquarium_subvault_small_open,
          aquarium_subvault_window, aquarium_subvault_bridge,
          aquarium_subvault_balcony, aquarium_subvault_bridge],
          aquarium_window_2, aquarium_window_fake, aquarium_view_2b
D:2:      minmay_diamond_boxcup, layout_loops_ring, basic_altar,
          minmay_heptomino_o4, uniq_robin, uniq_terence, uniq_crazy_yiuf_cottage
D:3:      layout_rooms, corexii_shack, minmay_splitting_lines,
          nrook_mini_vaults, eino_tiny_chamber
D:4:      layout_basic, bloody_makhleb, cheibrodos_sewer_entry_bend,
          kennysheep_dice
D:5:      layout_loops_cross, minmay_temple_entry_large_hall, serial_demonic,
          serial_demonic_d, serial_demonic_c, serial_demonic_g,
          serial_demonic_f, grunt_ministairs_1
D:6:      layout_loops_ring, nicolae_overflow_hidden_temple
D:7:      layout_gridville, gammafunk_temple_overflow_statue, enter_bailey_2,
          kennysheep_donut, minivault_1
D:8:      gammafunk_corrupted_shrine, layout_cave_pools, tso_altar,
          vehumet_statue, special_room [special_room_orc], kennysheep_crisscross
D:9:      layout_loops_ring, mainiacjoe_overflow_boulevard, erik_orc_1
D:10:     layout_small_grid, erik_lair_orcish_takeover, minmay_misc_feat_tower,
          minmay_misc_feat_chi, uniq_lodul
Temple:   nicolae_temple_superstar

Skill      XL: |  1  2  3  4  5  6  7  8  9 10 11 |
---------------+----------------------------------+-----
Transmutations | 1 |  1.0
Earth Magic    | 4 5 6 7 9 10 | 10.7
Fighting       | 1 2 3 4 5 6 |  6.5
Armour         | 1 2 3 4 5 6 |  6.4
Conjurations   | 1 2 3 4 5 7 8 |  8.8
Dodging        | 2 3 4 5 |  5.0
Spellcasting   | 3 4 5 |  5.5
Stealth        | |  2.1

Action                     |  1- 3 |  4- 6 |  7- 9 | 10-12 || total
---------------------------+-------+-------+-------+-------++-------
  Melee: Dagger            |     3 |    26 |     4 |     1 ||    34
         Hand axe          |       |     1 |    18 |       ||    19
   Cast: Sandblast         |    49 |   146 |   122 |    82 ||   399
         Stone Arrow       |       |       |    58 |    61 ||   119
         Passwall          |       |       |       |     1 ||     1
 Invoke: Oozemancy         |       |       |       |     2 ||     2
  Evoke: Wand              |       |     6 |     4 |     3 ||    13
    Use: Potion            |       |     1 |     3 |     2 ||     6
         Scroll            |       |     5 |     9 |       ||    14
 Armour: Leather armour    |     8 |    17 |       |       ||    25
         Robe              |     1 |       |       |       ||     1
         Animal skin       |       |    34 |    39 |       ||    73
         Ring mail         |       |       |    49 |    31 ||    80
  Dodge: Dodged            |    11 |    79 |   100 |    40 ||   230

Table legend: (Time is in decaauts)
 A = Elapsed time spent in this place.
 B = Non-inter-level travel time spent in this place.
 C = Inter-level travel time spent in this place.
 D = Time resting spent in this place.
 E = Time spent auto-exploring this place.
 F = Levels seen in this place.
 G = Mean time per level.
                   A        B        C        D        E       F      G
               +--------+--------+--------+--------+--------+-----+--------+
         Total |  10716 |  10442 |    274 |   1528 |   6799 |  13 |  824.3 |
       Dungeon |   9648 |   9397 |    251 |   1430 |   6112 |  10 |  964.8 |
        Temple |    179 |    156 |     23 |      0 |    143 |   1 |  179.0 |
         Sewer |    580 |    580 |      0 |     65 |    373 |   1 |  580.0 |
        Bailey |    308 |    308 |      0 |     33 |    171 |   1 |  308.0 |
               +--------+--------+--------+--------+--------+-----+--------+

Top non-repeatable levels by time:
     D:2: 1581 daAuts
     D:1: 1380 daAuts
     D:9: 1179 daAuts
     D:5: 1112 daAuts
     D:4: 1070 daAuts
     D:7: 926 daAuts
     D:6: 894 daAuts
     D:3: 757 daAuts
     D:8: 701 daAuts
   Sewer: 580 daAuts
  Bailey: 308 daAuts
  Temple: 179 daAuts
    D:10: 43 daAuts
